AoeStats
← game_is_life

Scandinavia

510562268Analyzed
1v1 RM · 23h ago on Oct 1, 2026· 44m 2s· 2 players
Game mode
Random Map
Map size
Tiny (2 player)
Population
200
Speed
Normal
Resources
Standard
Victory
Conquest
Starting age
Dark Age
Ending age
Imperial Age
RankedLock teamsTeams togetherTeam positionsShared explorationLock speedFull tech treeHidden civsTurbo modeCheats
Victory
Defeat
🇯🇵 Vikings · Japan
1114
+15
🇮🇳 Mongols · India
1099
-15
sikander747
11:06 Feudal Age
12:12 Double-Bit Axe
14:51 Castle Age
13:12 Horse Collar
13:38 Fletching
16:14 Bow Saw
16:04 Loom
19:50 Wheelbarrow
21:52 Stone Mining
21:54 Gold Mining
27:07 Gold Shaft Mining
30:26 Imperial Age
29:20 Ballistics
29:45 Hand Cart
29:53 Bodkin Arrow
30:00 Padded Archer Armor
31:12 Bracer
34:46 Bloodlines
35:36 Conscription
35:40 Leather Archer Armor
37:02 Chemistry
36:51 Elite Mangudai
38:55 Thumb Ring
38:53 Murder Holes
game_is_life
10:51 Feudal Age
18:04 Castle Age
17:05 Loom
17:29 Gold Mining
18:34 Double-Bit Axe
20:06 Bow Saw
20:04 Fletching
20:14 Padded Archer Armor
20:31 Crossbowman
22:45 Ballistics
25:05 Padded Archer Armor
26:24 Bodkin Arrow
26:40 Horse Collar
32:42 Imperial Age
32:04 Leather Archer Armor
32:40 Elite Skirmisher
34:02 Bracer
34:32 Ring Archer Armor
34:34 Arbalester
40:06 Ring Archer Armor
40:42 Chemistry
39:38 Murder Holes
39:53 Masonry
39:24 Treadmill Crane
39:49 Siege Engineers
44:10 Town Watch
Connection lost

Rejoining the realm…

Still unreachable

The connection could not be restored.

Session expired

The server has moved on; the page needs a fresh start.